Map: Thunderbird LE

Players

Wanderer

  • Race: Terran Terran
  • Spawn Location: 11:00

PappiJoe - Winner!

  • Race: Protoss Protoss
  • Spawn Location: 5:00

Event: 2019 WCS Summer

VOD

Have the link to the VOD?

Description

Time

  • Played on: July 12, 2019, 10:44 a.m.
  • Length: 7:37

All games in this series

Show
View Real Time Build Order
Export as new Build Order

Wanderer Terran 

Build Orders: Reaper Expand 

Get SALT Encoding   

  12  0:00  SCV  
  13  0:12  SCV  
  14  0:17  Supply Depot  
  14  0:25  SCV  
  15  0:38  SCV  
  15  0:41  Barracks  
  16  0:42  Refinery  
  16  0:50  SCV  
  17  1:02  SCV  
  18  1:14  SCV  
  19  1:28  Orbital Command, Reaper  
  20  1:41  Command Center  
  20  1:51  Bunker  
  20  1:54  SCV  
  21  2:01  Barracks Reactor  
  21  2:06  Supply Depot  
  21  2:07  SCV  
  22  2:13  Refinery  
  22  2:19  SCV  
  23  2:30  Factory  
  23  2:32  SCV  
  24  2:37  Marine x2  
  26  2:53  Orbital Command  
  26  2:58  Marine x2  
  28  3:07  SCV  
  29  3:14  Factory Tech Lab  
  29  3:15  Marine x2, Starport  
  29  3:19  SCV  
  33  3:20  SCV  
  33  3:32  SCV x2  
  38  3:34  Cyclone  
  38  3:40  Marine  
  39  3:42  Supply Depot  
  39  3:44  SCV  
  39  3:45  SCV  
  41  3:52  Barracks  
  41  3:56  SCV  
  41  4:00  Marine x2  
  41  4:02  SCV  
  45  4:10  Raven  
  45  4:12  Barracks  
  45  4:13  Factory Tech Lab  
  45  4:16  SCV  
  48  4:19  SCV  
  49  4:25  Supply Depot  
  49  4:26  Marine x2  
  51  4:33  SCV x2  
  52  4:41  Factory Reactor  
  52  4:45  SCV  
  52  4:46  SCV  
  52  4:47  Stimpack  
  52  4:48  Marauder  
  52  4:52  Engineering Bay  
  55  5:04  Marine x2, SCV  
  55  5:05  SCV  
  59  5:08  Combat Shield  
  59  5:09  Marauder  
  59  5:11  Starport Reactor  
  61  5:15  Supply Depot  
  61  5:24  SCV  
  62  5:28  Supply Depot  
  62  5:37  Widow Mine x2, SCV  
  62  5:39  Marine x2, Bunker  
  69  5:43  Supply Depot  
  69  5:50  Marauder x2  
  69  5:55  SCV x2  
  69  5:56  Supply Depot  
  75  5:57  Refinery  
  75  5:58  Marine  
  75  6:00  Marine  
  77  6:07  SCV x2  
  77  6:09  Medivac  
  80  6:11  Marine  
  80  6:13  Supply Depot  
  72  6:28  Marine, SCV x2  
  72  6:29  Marauder  
  67  6:37  Marauder, Marine  
  55  6:53  Marine x2  
  55  6:59  Marauder  
Show
View Real Time Build Order
Export as new Build Order

PappiJoe Protoss - Winner!

Build Orders:  

Get SALT Encoding   

  12  0:00  Probe  
  13  0:14  Pylon  
  13  0:18  Probe  
  14  0:31  Probe  
  14  0:32  Gateway  
  15  0:39  Probe  
  15  0:45  Assimilator  
  15  0:49  Probe  
  16  0:53  Assimilator  
  17  1:01  Probe  
  18  1:14  Probe  
  19  1:19  Cybernetics Core  
  19  1:26  Probe  
  19  1:27  Pylon  
  20  1:38  Probe  
  21  1:46  Adept  
  21  1:50  Probe  
  24  2:02  Probe  
  24  2:03  Robotics Facility  
  25  2:15  Probe  
  26  2:16  Stalker  
  28  2:25  Warp Gate  
  27  2:31  Nexus  
  27  2:36  Pylon  
  27  2:51  Probe  
  28  3:01  Immortal, Twilight Council  
  28  3:03  Probe  
  27  3:15  Probe  
  32  3:27  Probe  
  32  3:31  Immortal  
  33  3:39  Probe  
  38  3:42  Charge  
  38  3:45  Probe  
  39  3:52  Probe  
  40  3:57  Probe  
  40  3:59  Pylon  
  40  4:01  Warp Prism  
  41  4:04  Probe  
  41  4:09  Probe  
  43  4:16  Probe  
  46  4:24  Probe  
  46  4:28  Probe  
  48  4:39  Gateway  
  48  4:40  Gateway  
  48  4:42  Gateway  
  48  4:43  Gateway x2  
  48  4:51  Gateway  
  48  4:54  Gateway  
  48  5:02  Pylon  
  48  5:07  Warp Prism  
  48  5:08  Pylon  
  48  5:13  Zealot, Pylon  
  52  5:35  Zealot x3  
  58  5:37  Zealot  
  58  5:38  Zealot x2  
  64  5:50  Pylon  
  64  5:51  Pylon  
  64  5:54  Zealot x2  
  64  5:55  Zealot x2  
  64  5:56  Zealot  
  74  5:58  Zealot  
  74  6:00  Zealot  
  78  6:07  Zealot  
  80  6:20  Zealot x5  
  56  6:33  Zealot x2  
  56  6:34  Zealot x6  
  64  6:54  Zealot x8  
Tags
 
Add a new tag
Caveats
  • Supply blocks, unpowered buildings, or Contaminate may cause inaccurate times.
  • Supply counts are checked every 10 seconds.